 Dungeon Crawl Stone Soup version 0.19.5 (webtiles) character file.

3549 Trixie the Basher (level 9, -3/144 HPs)
             Began as a Troll Berserker on Feb 24, 2017.
             Was an Elder of Trog.
             Slain by an unseen horror (10 damage)
             ... on level 8 of the Dungeon on Mar 6, 2017.
             The game lasted 00:26:04 (7123 turns).

Trixie the Basher (Troll Berserker)                 Turns: 7123, Time: 00:26:05

Health: -3/144     AC:  6    Str: 35    XL:     9   Next: 83%
Magic:  7/7        EV: 12    Int:  3    God:    Trog [****..]
Gold:   449        SH:  0    Dex:  9    Spells: 0 memorised, 8 levels left

rFire  . . .     SeeInvis .     u - +0 giant club
rCold  + . .     Gourm    +     b - +1 animal skin
rNeg   . . .     Faith    .     (shield currently unavailable)
rPois  .         Spirit   .     (helmet restricted)
rElec  .         Reflect  .     (no cloak)
rCorr  .         Harm     .     (gloves unavailable)
MR     ++...                    (boots unavailable)
Stlth  ..........               (no amulet)
                                (no ring)
                                v - ring of protection from cold

@: berserking, regenerating, heavily drained, very quick
A: unfitting armour, claws 3, repulsion field 1, blurry vision 1, fast
metabolism 3, gourmand, low mp 1, regeneration 1, shaggy fur 1, tough skin 2
a: Berserk, Trog's Hand, Brothers in Arms, Burn Spellbooks, Renounce Religion


You were on level 8 of the Dungeon.
You worshipped Trog.
Trog was greatly pleased with you.
You were not hungry.

You visited 1 branch of the dungeon, and saw 8 of its levels.

You collected 449 gold pieces.

Inventory:

Hand Weapons
 a - a +0 mace
 m - a +1 flail of crushing
 u - a +0 giant club (weapon)
Armour
 b - a +1 animal skin (worn)
 i - a +0 cloak
Jewellery
 v - a ring of protection from cold (left claw)
Wands
 f - a wand of iceblast (7/15)
 o - a wand of random effects (20/48)
 B - a wand of acid (6/15)
Scrolls
 d - a scroll of fear
 n - a scroll of fog {unknown}
 q - a scroll of identify
 x - 3 scrolls of remove curse
 y - a scroll of teleportation
 A - 2 scrolls of magic mapping
 C - a scroll of vulnerability {unknown}
Potions
 h - a potion of mutation
 j - 2 potions of agility
 k - a potion of beneficial mutation {unknown}
 l - 3 potions of lignification
 s - a potion of magic {unknown}
 t - a potion of ambrosia {unknown}
 D - a potion of might {unknown}
Books
 r - a book of Misfortune

   Spells                             Type                      Level
   a - Confusing Touch                Hexes                        1
   b - Confuse                        Hexes                        3
   c - Gell's Gravitas                Hexes/Translocation          3
   d - Petrify                        Transmutation/Earth          4
   e - Metabolic Englaciation         Hexes/Ice                    5
   f - Yara's Violent Unravelling     Hexes/Transmutation          5
   Trog disapproves of the use of such an item.
 w - a book of Necromancy

   Spells                             Type                      Level
   a - Pain                           Necromancy                   1
   b - Animate Skeleton               Necromancy                   1
   c - Vampiric Draining              Necromancy                   3
   d - Regeneration                   Charms/Necromancy            3
   e - Animate Dead                   Necromancy                   4
   f - Control Undead                 Necromancy                   4
   Trog disapproves of the use of such an item.
Comestibles
 c - 4 bread rations
 g - a beef jerky
 z - 2 meat rations


   Skills:
 - Level 8.2(6.5) Fighting
 + Level 9.5(7.7) Maces & Flails
 - Level 3.9(2.3) Dodging
 + Level 0.2(0.0) Unarmed Combat


You had 8 spell levels left.
You didn't know any spells.

Dungeon Overview and Level Annotations

Branches:
Dungeon (8/15)             Temple (0/1) D:5
   Lair: D:8-11

Altars:
Fedhas
Hepliaklqana
Nemelex Xobeh
Ru
Yredelemnul


Innate Abilities, Weirdness & Mutations

You are too large for most types of armour.
You have claws for hands.
Your metabolism is lightning-fast.
You like to eat raw meat.
Your natural rate of healing is unusually fast.
You are covered in fur. (AC +1)
You have very tough skin. (AC +2)
You are surrounded by a mild repulsion field. (EV +2)
Scrolls take you a little longer to read.
Your magical capacity is low. (-10% MP)


Message History

Something hits you but does no damage. Something hits you.
* * * LOW HITPOINT WARNING * * *
Something hits you but does no damage. Something hits you.
* * * LOW HITPOINT WARNING * * *
A howler monkey comes into view.
The howler monkey howls!
You see here a wyvern skeleton.
A red film seems to cover your vision as you go berserk!
You feel yourself moving faster!
You feel mighty!
You feel a lot more hungry.
You hear a howl!
You hear a screech!
Something completely misses you. The howler monkey barely misses you.
You closely miss the howler monkey. Something hits you!
* * * LOW HITPOINT WARNING * * *
The howler monkey hits you but does no damage.
A hippogriff comes into view.
You sock the howler monkey!
The howler monkey is almost dead.
Something hits you!
You die...

.#####.# #########
.'.....#######.#.......#...#
.####........#.........#...#
.##........#.###.......#...#
.##.#.####.#.#.#.#####.#...#
.##.#....#.#.....# #.#...#
###.#..........#.# #.#...#
#.#..#######.#.#####.#...#
#.(..#.......h@..........#
###..#.#####.#{######..#.#
.... .....#.......# ##.##
#.##...#.###...# .. .. #..>#
....# ## ## #...# .#.#.#
#...# #.#. .# #..H. . #. .#
.# #. .#


You could see a hippogriff and a howler monkey.

Vanquished Creatures
  Maurice (D:8)
  The ghost of nosre the Sneak, an amateur KoEn (D:4)
  Sigmund (D:2)
  A wyvern (D:8)
  Menkaure (D:5)
  Edmund (D:5)
  2 orc warriors (D:6)
  3 ogres
  2 ice beasts
  2 sky beasts
  2 centaurs (D:6)
  2 big kobolds (D:6)
  A bullfrog (D:6)
  A water moccasin zombie (D:5)
  3 scorpions
  4 wights
  2 jellies
  A crimson imp (D:5)
  6 hounds
  An orc priest (D:6)
  4 orc wizards
  A gnoll shaman (D:6)
  2 iguanas
  3 worker ants
  A hound skeleton (D:6)
  A howler monkey zombie (D:6)
  8 gnolls
  3 howler monkey skeletons
  15 adders
  A shadow imp (D:7)
  2 oozes (D:2)
  2 adder skeletons
  3 worms
  3 dart slugs
  3 leopard geckos
  22 orcs
  5 giant cockroaches
  4 goblins
  12 hobgoblins
  3 jackals (D:4)
  11 kobolds
  A quokka (D:2)
  8 bats
  7 frilled lizards
  A jackal zombie (D:5)
  A quokka zombie (D:5)
  6 rats
171 creatures vanquished.

Notes
Turn   | Place    | Note
-------+----------+-------------------------------------------
     0 | D:1      | Trixie the Troll Berserker began the quest for the Orb.
     0 | D:1      | Reached XP level 1. HP: 22/22 MP: 0/0
   550 | D:1      | Reached XP level 2. HP: 29/29 MP: 1/1
   619 | D:1      | Reached skill level 3 in Maces & Flails
   847 | D:2      | Noticed Sigmund
   894 | D:2      | Reached XP level 3. HP: 32/36 MP: 2/2
   959 | D:2      | Killed Sigmund
   959 | D:2      | Reached skill level 4 in Maces & Flails
   959 | D:2      | Reached XP level 4. HP: 45/45 MP: 3/3
   959 | D:2      | Reached XP level 5. HP: 53/53 MP: 4/4
   976 | D:2      | Upgraded the game from 0.19.4-10-g532645f to 0.19.5
  1014 | D:2      | Reached ** piety under Trog
  1929 | D:3      | Found a sacrificial altar of Ru.
  2003 | D:3      | Reached XP level 6. HP: 61/61 MP: 5/5
  3035 | D:4      | Reached skill level 5 in Maces & Flails
  3315 | D:4      | Reached *** piety under Trog
  3319 | D:4      | Reached XP level 7. HP: 56/68 MP: 6/6
  3479 | D:4      | Noticed nosre's ghost (amateur KoEn)
  3521 | D:4      | Killed nosre's ghost
  3521 | D:4      | Reached skill level 6 in Maces & Flails
  4050 | D:5      | Entered Level 5 of the Dungeon
  4094 | D:5      | Noticed Edmund
  4107 | D:5      | Killed Edmund
  4107 | D:5      | Reached skill level 7 in Maces & Flails
  4189 | D:5      | Reached XP level 8. HP: 79/79 MP: 7/7
  4406 | D:5      | Found a staircase to the Ecumenical Temple.
  4439 | D:5      | Reached skill level 5 in Fighting
  4474 | D:5      | Found a basalt altar of Yredelemnul.
  4712 | D:5      | Found a blossoming altar of Fedhas.
  4853 | D:5      | Noticed Menkaure
  4865 | D:5      | Killed Menkaure
  5298 | D:6      | Reached **** piety under Trog
  5406 | D:6      | Reached XP level 9. HP: 17/93 MP: 8/8
  6406 | D:7      | Found a sparkling altar of Nemelex Xobeh.
  6500 | D:7      | Found a hazy altar of Hepliaklqana.
  6617 | D:7      | Found a sacrificial altar of Ru.
  6826 | D:8      | Noticed Maurice
  6840 | D:7      | Reached skill level 8 in Maces & Flails
  6996 | D:8      | Killed Maurice
  6996 | D:8      | Reached skill level 9 in Maces & Flails
  7115 | D:8      | Gained mutation: Your magical capacity is low. (-10% MP) [potion of mutation]
  7115 | D:8      | Gained mutation: Scrolls take you a little longer to read. [potion of mutation]
  7115 | D:8      | Gained mutation: You are surrounded by a mild repulsion field. (EV +2) [potion of mutation]
  7122 | D:8      | HP: 5/144 [something (7)]
  7123 | D:8      | Slain by an unseen horror

Skill      XL: |  1  2  3  4  5  6  7  8  9 |
---------------+----------------------------+-----
Maces & Flails | 3 4 5 7 9 |  9.5
Fighting       | 3 4 7 8 |  8.2
Dodging        | 3 |  3.9
Unarmed Combat | |  0.2

Action                   |  1- 3 |  4- 6 |  7- 9 || total
-------------------------+-------+-------+-------++-------
Melee: Mace              |    57 |   225 |       ||   282
       Giant club        |       |    30 |   147 ||   177
       Flail             |       |       |   202 ||   202
       Unarmed           |       |       |    13 ||    13
Invok: Berserk           |     2 |     3 |     8 ||    13
       Trog's Hand       |       |       |     3 ||     3
       Brothers in Arms  |       |       |     1 ||     1
  Use: Scroll            |       |       |    11 ||    11
       Potion            |       |       |     4 ||     4
 Stab: Sleeping          |       |     3 |       ||     3
  Eat: Chunk             |     5 |    30 |    38 ||    73
       Meat ration       |     1 |       |       ||     1
       Bread ration      |       |       |     1 ||     1
Armor: Animal skin       |    29 |   111 |   124 ||   264
       Skin              |       |       |    12 ||    12
Dodge: Dodged            |    51 |   197 |   200 ||   448
